 Dungeon Crawl Stone Soup version 0.28-a0-909-g796cbd3a86 (webtiles) character file.

Game seed: 919382724447669139

637 Htamos the Conjurer (level 7, 0/41 HPs)
             Began as a Tengu Conjurer on Nov 25, 2021.
             Slain by a hornet (12 damage)
             ... on level 5 of the Dungeon.
             The game lasted 00:11:44 (5790 turns).

Htamos the Conjurer (Tengu Conjurer)                Turns: 5790, Time: 00:11:45

Health: 0/41       AC:  3    Str:  8    XL:     7   Next: 50%
Magic:  1/12       EV: 15    Int: 20    God:
Gold:   119        SH:  0    Dex: 12    Spells: 2/11 levels left

rFire   . . .      SeeInvis .   a - +0 dagger
rCold   . . .      Faith    .   (no shield)
rNeg    . . .      Spirit   .   b - +0 robe
rPois   .          Reflect  .   (helmet restricted)
rElec   .          Harm     .   l - +0 cloak
rCorr   .          Rampage  .   (no gloves)
Will    .....                   (boots unavailable)
Stlth   ++........              (no amulet)
HPRegen 0.13/turn               (no ring)
MPRegen 0.13/turn               (no ring)

@: lethally poisoned (0 -> -4), flying quickly and evasively, quick
A: beak, talons 3, nimble flight
a: no special abilities


You were on level 5 of the Dungeon.
You visited 1 branch of the dungeon, and saw 5 of its levels.

You collected 201 gold pieces.
You spent 82 gold pieces at shops.

Inventory:

Hand Weapons
 a - a +0 dagger (weapon)
Armour
 b - a +0 robe (worn)
 l - a +0 cloak (worn)
Jewellery
 f - a ring of wizardry
 g - an amulet of the acrobat
Scrolls
 e - 3 scrolls of identify {@rr}
Potions
 h - a potion of curing {@qc}
 j - a potion of brilliance


   Skills:
 + Level 3.5 Fighting
 + Level 3.0 Armour
 + Level 3.9 Dodging
 + Level 3.8 Stealth
 - Level 2.8 Spellcasting
 * Level 7.2 Conjurations


You had 2 spell levels left.
You knew the following spells:

 Your Spells              Type           Power      Damage    Failure   Level
a - Magic Dart            Conj           100%       1d8       1%          1
b - Fulminant Prism       Conj/Hex       8%         3d7       32%         4
c - Iskenderun's Mystic   Conj/Tloc      17%        2d5       32%         4

Your spell library contained the following spells:

 Spells                   Type           Power      Damage    Failure   Level
 Searing Ray              Conj           62%        2d6       1%          2
 Blink                    Tloc           4%         N/A       22%         2
 Dazzling Flash           Conj/Hex       34%        N/A       10%         3
 Portal Projectile        Hex/Tloc       4%         N/A       41%         3
 Blade Hands              Tmut           1%         N/A       99%         5
 Excruciating Wounds      Necr           1%         N/A       99%         5
 Manifold Assault         Tloc           2%         N/A       99%         5
 Storm Form               Tmut/Air       1%         N/A       100%        7


Dungeon Overview and Level Annotations

Branches:
Dungeon (5/15)
 Temple: D:4-7

Altars:
Hepliaklqana
Makhleb
Wu Jian
The Shining One

Shops:
D:1 (   D:3 [?   D:5 !

Annotations:
D:3 Terence
D:4 2 transporters, atomjack's ghost, weakling PaDe


Innate Abilities, Weirdness & Mutations

You have a beak for a mouth.
You have claws for feet.
Your magical nature lets you fly swiftly and evasively.


Message History

Aim: a hornet (moderately wounded, 100% to hit)
The magic dart hits the hornet.
The hornet is moderately wounded.
* * * LOW MAGIC WARNING * * *
You feel yourself speed up. The hornet stings you.
* * * LOW HITPOINT WARNING * * *
You feel yourself slow down. The hornet barely misses you.
The orc drinks a potion.
The orc seems to speed up.
A gnoll comes into view. It is wielding a +0 whip.
Unknown command.
Casting: Magic Dart (safe; 1% risk of failure)
Confirm with . or Enter, or press ? or * to list all spells.
Aiming: Magic Dart (safe; 1% risk of failure)
Press: ? - help, Shift-Dir - straight line, f/p - hornet
Aim: a hornet (moderately wounded, 100% to hit)
The magic dart hits the hornet but does no damage.
The hornet is moderately wounded.
* * * LOW MAGIC WARNING * * *
The hornet closely misses you. The hornet completely misses you.
The hornet stings you.
* * * LOW HITPOINT WARNING * * *
You are poisoned.
You feel as though you will be slow longer.
You feel yourself speed up.
You feel very sick. The hornet misses you.
A gnoll comes into view. It is wielding a +0 club.
You reach down and open the door.
You feel sick. The hornet misses you.
A gnoll comes into view.
It is wielding a +2 flail of protection.
The hornet closely misses you.
You feel sick.
A jelly comes into view.
There is an open door here.
The sentinel's mark upon you fades away.
You feel sick.
The gnoll hits you from afar with a +0 halberd.
* * * LOW HITPOINT WARNING * * *
The hornet stings you!
You die...

#..##..##..###.###..######.
#...#.......#..............
#...#.......#..............
#[..#.......#..............
#...#.......#....o.........
#..##..##..##.###g######### ##
#..##..##..##g###l###### ##.
#.......#.....#.g......+ #..
#.......#....@#........# #..
#.......#.....yg..gJ...# #..
#......###..########.### #'#
######.###..########'#######..
#.........................
#........l................
###+##..##..##############
#..##..# +...#


You could see a hornet, a jelly and 3 gnolls.

Vanquished Creatures
  Sigmund (D:4)
  A scorpion (D:3)
  A bullfrog zombie (D:5)
  A jelly (D:4)
  3 iron imps (D:3)
  3 iguanas
  2 orc wizards
  5 adders
  An adder skeleton (D:4)
  4 worms
  4 dart slugs
  5 orcs
  9 bats
  6 endoplasms
  3 giant cockroaches
  9 goblins
  10 hobgoblins
  8 jackals (D:1)
  9 kobolds
  2 quokkas
  5 ball pythons
  5 frilled lizards
  3 rats
100 creatures vanquished.

Vanquished Creatures (others)
  3 demonic plants (D:3)
  A plant (D:3)
  2 withered plants (D:3)
6 creatures vanquished.

Grand Total: 106 creatures vanquished

Notes
Turn   | Place    | Note
-------+----------+-------------------------------------------
     0 | D:1      | Htamos the Tengu Conjurer began the quest for the Orb.
     0 | D:1      | Reached XP level 1. HP: 10/10 MP: 4/4
    88 | D:1      | Reached XP level 2. HP: 15/16 MP: 0/6
   331 | D:1      | Reached skill level 1 in Fighting
   429 | D:1      | Reached XP level 3. HP: 20/20 MP: 4/7
   629 | D:1      | Reached skill level 1 in Armour
   721 | D:1      | Found Dicw's Weapon Emporium.
  1421 | D:2      | Reached XP level 4. HP: 25/25 MP: 0/8
  1426 | D:2      | Learned a level 4 spell: Fulminant Prism
  2377 | D:3      | Noticed Terence
  2528 | D:3      | Found Xuagu's Magic Scroll Shop.
  2542 | D:3      | Bought a scroll of blinking for 82 gold pieces
  2588 | D:3      | Found Nenihel's Armour Shop.
  2762 | D:3      | Gained mutation: Your magical nature lets you fly swiftly
                  | and evasively. [Tengu growth]
  2762 | D:3      | Reached XP level 5. HP: 30/30 MP: 5/9
  2840 | D:3      | Found a hazy altar of Hepliaklqana.
  3035 | D:3      | Found a faded altar of an unknown god.
  3407 | D:3      | Found a burning altar of Makhleb.
  3700 | D:3      | Reached skill level 6 in Conjurations
  4056 | D:4      | Found a transporter.
  4125 | D:4      | Reached XP level 6. HP: 36/36 MP: 6/11
  4170 | D:4      | Noticed Sigmund
  4199 | D:4      | Noticed atomjack's ghost (weakling PaDe)
  4452 | D:4      | Learned a level 4 spell: Iskenderun's Mystic Blast
  4660 | D:4      | Found a transporter.
  4715 | D:4      | Killed Sigmund
  4716 | D:4      | Reached XP level 7. HP: 41/41 MP: 3/12
  5074 | D:4      | Found a glowing golden altar of the Shining One.
  5074 | D:4      | Found an ornate altar of the Wu Jian Council.
  5268 | D:4      | You are sucked into a shaft and drop 1 floor!
  5268 | D:5      | Entered Level 5 of the Dungeon
  5295 | D:5      | Found Kadiaviu's Distillery.
  5512 | D:5      | Reached skill level 7 in Conjurations
  5765 | D:5      | Noticed a hornet
  5769 | D:5      | Paralysed by a hornet for 1 turns
  5790 | D:5      | Slain by a hornet

Illustrated notes

Levels and vault maps discovered:
D:1:      dpeg_arrival_arbitrary_c, layout_basic, serial_shops,
          nicolae_shop_bloodbath_and_beyond, minmay_stone_trees_small,
          minmay_ruptured
D:2:      layout_basic
D:3:      layout_basic, old_standard_altar, demons_altar,
          shapermc_ecumenical_altar_gd, serial_shops, shop,
          nicolae_lakefront_shop, minmay_cut_off, uniq_terence
D:4:      layout_basic, minitemple, gammafunk_ghost_arena,
          chequers_serial_rivers_small_a, uniq_sigmund
D:5:      layout_gridville, serial_shops, nicolae_stop_n_shop_2

Skill      XL: |  1  2  3  4  5  6  7 |
---------------+----------------------+-----
Fighting       | 1 2 3 |  3.5
Armour         | 1 2 3 |  3.0
Dodging        | 3 |  3.9
Stealth        | 3 |  3.8
Conjurations   | 6 7 |  7.2
Spellcasting   | |  2.8

Action                   |  1- 3 |  4- 6 |  7- 9 || total
-------------------------+-------+-------+-------++-------
Melee: Unarmed           |     3 |       |       ||     3
       Kick              |     1 |       |       ||     1
       Dagger            |       |     7 |     2 ||     9
       Peck              |       |     1 |       ||     1
 Cast: Magic Dart        |    77 |   156 |    66 ||   299
       Iskenderun's Myst |       |       |     1 ||     1
  Use: Scroll            |       |     4 |     2 ||     6
       Potion            |       |     3 |     1 ||     4
Armor: Robe              |     2 |     2 |     4 ||     8
Dodge: Dodged            |    12 |     9 |    36 ||    57

Table legend: (Time is in decaauts)
 A = Elapsed time spent in this place.
 B = Non-inter-level travel time spent in this place.
 C = Inter-level travel time spent in this place.
 D = Time resting spent in this place.
 E = Time spent auto-exploring this place.
 F = Levels seen in this place.
 G = Mean time per level.
                   A        B        C        D        E       F      G
               +--------+--------+--------+--------+--------+-----+--------+
         Total |   5639 |   5524 |    115 |    475 |   4156 |   5 | 1127.8 |
       Dungeon |   5639 |   5524 |    115 |    475 |   4156 |   5 | 1127.8 |
               +--------+--------+--------+--------+--------+-----+--------+

Top non-repeatable levels by time:
     D:3: 1892 daAuts
     D:2: 1253 daAuts
     D:1: 1094 daAuts
     D:4: 1032 daAuts
     D:5: 367 daAuts
